 Dungeon Crawl Stone Soup version 0.29-a0-553-g81b289dbe5 (webtiles) character file.

Game seed: 14171504980581042527

47 CryoSword the Skirmisher (level 3, 0/31 HPs)
             Began as a Ghoul Fighter on June 6, 2022.
             Slain by a hobgoblin (3 damage)
             ... on level 3 of the Dungeon.
             The game lasted 00:01:32 (1488 turns).

CryoSword the Skirmisher (Ghoul Fighter)            Turns: 1488, Time: 00:01:33

Health: 0/31       AC:  6    Str: 19    XL:     3   Next: 70%
Magic:  2/2        EV:  7    Int:  5    God:
Gold:   127        SH:  7    Dex:  8    Spells: 2/2 levels left

rFire   . . .      SeeInvis .   a - +0 war axe
rCold   + . .      Faith    .   g - +0 kite shield
rNeg    + + +      Spirit   .   b - +0 scale mail
rPois   ∞          Reflect  .   (no helmet)
rElec   .          Harm     .   (no cloak)
rCorr   .          Rampage  .   (no gloves)
Will    .....                   (no boots)
Stlth   ..........              c - amulet of magic regeneration
HPRegen 0.00/turn               (no ring)
MPRegen 0.48/turn               (no ring)

@: inhibited regen
A: claws 1, cold resistance 1, negative energy resistance 3, inhibited
regeneration, torment resistance 2, devour on kill
a: no special abilities


You were on level 3 of the Dungeon.
You visited 1 branch of the dungeon, and saw 3 of its levels.

You collected 127 gold pieces.

Inventory:

Hand Weapons
 a - a +0 war axe (weapon)
Missiles
 p - 5 boomerangs (quivered)
 r - 4 poisoned darts
Armour
 b - a +0 scale mail (worn)
 g - a +0 kite shield (worn)
   (You found it on level 1 of the Dungeon)
Jewellery
 c - an amulet of magic regeneration (around neck)
   (You found it on level 1 of the Dungeon)
 k - a ring of fire
   (You found it on level 2 of the Dungeon)
Scrolls
 f - a scroll of teleportation {unknown}
 h - a scroll of immolation {unknown}
 j - a scroll of vulnerability {unknown}
 l - a scroll of blinking {unknown}
 m - 4 scrolls of identify {unknown}
 q - a scroll of summoning {unknown}
 s - 3 scrolls of enchant weapon {unknown}
Potions
 d - 2 potions of might
 e - 4 potions of brilliance {unknown}
 i - 2 potions of magic {unknown}
 n - a potion of degeneration {unknown}
 o - a potion of heal wounds {unknown}


   Skills:
 - Level 3.2 Fighting
 + Level 3.0 Axes
 - Level 2.6 Armour
 * Level 3.2 Shields


You had 2 spell levels left.
You didn't know any spells.
Your spell library contained the following spells:

 Spells                   Type           Power      Damage    Failure   Level
 Sandblast                Erth           0%         2d4       99%         1
 Blink                    Tloc           0%         N/A       100%        2
 Passwall                 Tmut/Erth      0%         N/A       100%        2
 Lesser Beckoning         Tloc           0%         N/A       100%        3
 Stone Arrow              Conj/Erth      0%         3d7       100%        3
 Summon Guardian Golem    Hex/Summ       0%         N/A       100%        3
 Alistair's Intoxication  Tmut/Pois      0%         N/A       100%        5
 Irradiate                Conj/Tmut      0%         3d13      100%        5
 Manifold Assault         Tloc           0%         N/A       100%        5
 Orb of Destruction       Conj           0%         9d5       100%        7
 Spellforged Servitor     Conj/Summ      0%         N/A       100%        7
 Beastly Appendage        Tmut           Unusable   N/A       N/A         1
 Dragon Form              Tmut           Unusable   N/A       N/A         7

Dungeon Overview and Level Annotations

Branches:
Dungeon (3/15)

Altars:


Innate Abilities, Weirdness & Mutations

You are immune to poison.
You have sharp fingernails.
Your flesh is cold resistant. (rC+)
You are immune to negative energy. (rN+++)
You do not regenerate when monsters are visible.
You are immune to unholy pain and torment.
You thrive by killing the living.


Message History

m - 2 scrolls labelled JUMPEFR IZIBB (gained 1)
Found a stone staircase leading down.
There is a stone staircase leading down here.
A ball python comes into view.
A ball python is nearby!
You closely miss the ball python.
The ball python bites you but does no damage.
The ball python grabs you. The ball python constricts you.
You hit the ball python.
You kill the ball python!
You feel better.
No target in view!
You see here a ball python corpse.
A ball python comes into view.
The ball python hisses angrily.
A ball python is nearby!
A ball python is nearby!
A ball python is nearby!
Found 5 boomerangs and a scroll labelled IMAOTA JAVIWU.
Found 16 gold pieces.
You barely miss the ball python.
The ball python bites you but does no damage.
The ball python grabs you. The ball python constricts you.
The ball python bites you but does no damage.
The ball python constricts you.
You slash the ball python!
You kill the ball python!
You feel better.
No target in view!
p - 5 boomerangs You pick up a book of Spatial Translocations and begin reading...
You add the spells Blink, Lesser Beckoning and Manifold Assault to your library.
q - a scroll labelled IMAOTA JAVIWU You now have 84 gold pieces (gained 16).
Found a short sword.
Could not explore, unopened door.
Could not explore, unopened door.
You open the door.
A ball python comes into view.
The ball python hisses angrily.
A ball python is nearby!
A ball python is nearby!
You hit the ball python.
The ball python bites you but does no damage.
The ball python grabs you. The ball python constricts you.
You closely miss the ball python. The ball python completely misses you.
The ball python constricts you. The ball python barely misses you.
The ball python constricts you.
A ball python is nearby!
You barely miss the ball python.
The ball python bites you but does no damage.
The ball python constricts you. The ball python barely misses you.
The ball python constricts you.
You closely miss the ball python. You block the ball python's attack.
The ball python constricts you. The ball python bites you.
The ball python constricts you.
You slash the ball python!
You kill the ball python!
You feel better.
No target in view!
You see here a ball python corpse.
r - 4 poisoned darts
Found 24 stones.
You now have 97 gold pieces (gained 13).
Found a whip.
You now have 107 gold pieces (gained 10).
You now have 117 gold pieces (gained 10).
You see here 24 stones.
Could not explore, unopened door.
Could not explore, unopened door.
Could not explore, unopened door.
You open the door.
There is an open door here.
Found a stone staircase leading up.
m - 3 scrolls labelled JUMPEFR IZIBB (gained 1)
s - 3 scrolls labelled VEUC YRGHITALORGH
i - 2 sedimented purple potions (gained 1)
m - 4 scrolls labelled JUMPEFR IZIBB (gained 1) Could not explore, unopened door.
You open the door.
Found an escape hatch in the ceiling.
There is an open door here.
There is an escape hatch in the ceiling here.
Found a dagger.
Found an escape hatch in the floor.
You now have 127 gold pieces (gained 10).
Found a stone staircase leading down.
Found a robe.
There is a stone staircase leading down here.
You see here a +0 robe.
Found a stone staircase leading up.
Could not explore, unopened door.
Could not explore, unopened door.
You open the door.
There is an open door here.
Could not explore, unopened door.
Could not explore, unopened door.
You open the door.
There is an open door here.
Could not explore, unopened door.
Could not explore, unopened door.
You open the door. 3 orcs come into view.
An orc is wielding a +0 war axe of electrocution.
The orc shouts! x2
There are monsters nearby!
There are monsters nearby!
There is an open door here.
You hit the orc. The orc hits you but does no damage.
You block the orc's attack. x2
You barely miss the orc. You slash the orc!
You kill the orc!
The orc hits you but does no damage.
You barely miss the orc. You closely miss the orc.
A hobgoblin comes into view.
The orc hits you but does no damage. The orc hits you with a +0 hand axe. x2
The orc barely misses you.
You closely miss the orc. You barely miss the orc. You block the orc's attack.
The orc hits you with a +0 hand axe.
You are too injured to fight recklessly!
You are too injured to fight recklessly!
You are too injured to fight recklessly!
You closely miss the orc. You block the orc's attack.
The orc hits you with a +0 hand axe.
* * * LOW HITPOINT WARNING * * *
You barely miss the orc. You block the orc's attack.
You hit the orc. The orc barely misses you.
The orc hits you but does no damage.
You hit the orc.
You kill the orc!
You feel better.
You hit the orc. The orc hits you with a +0 hand axe.
* * * LOW HITPOINT WARNING * * *
The orc hits you with a +0 hand axe.
* * * LOW HITPOINT WARNING * * *
You barely miss the orc. The orc barely misses you.
The orc hits you with a +0 hand axe.
* * * LOW HITPOINT WARNING * * *
You slash the orc!
You kill the orc!
You closely miss the hobgoblin. The hobgoblin barely misses you.
The hobgoblin hits you but does no damage.
You closely miss the hobgoblin. The hobgoblin hits you.
* * * LOW HITPOINT WARNING * * *
You hit the hobgoblin.
The hobgoblin hits you but does no damage.
The hobgoblin hits you.
You die...

...... #...###
.#. ... # ..
#... ####.#.
....... ..
#......#######
##....
+.....)g@....#
......
#......#####.#
#####. .......
#.# ...####
#.# ##### ..
#.# ....# .
#.# ....# #.#
....# #.#
.#### #.#


You could see a hobgoblin.

Vanquished Creatures
  A dart slug (D:1)
  3 orcs (D:3)
  6 bats
  2 endoplasms
  2 giant cockroaches (D:1)
  3 goblins
  4 hobgoblins (D:1)
  5 jackals
  5 ball pythons
  2 frilled lizards
  3 kobolds
  2 rats
38 creatures vanquished.

Notes
Turn   | Place    | Note
-------+----------+-------------------------------------------
     0 | D:1      | CryoSword the Ghoul Fighter began the quest for the Orb.
     0 | D:1      | Reached XP level 1. HP: 19/19 MP: 0/0
    60 | D:1      | Reached XP level 2. HP: 24/26 MP: 1/1
   444 | D:1      | Got the Catalogue of Moulding
   498 | D:1      | Reached XP level 3. HP: 31/31 MP: 2/2
   635 | D:2      | Found a faded altar of an unknown god.
  1488 | D:3      | Slain by a hobgoblin

Illustrated notes

Levels and vault maps discovered:
D:1:      saegor_arrival_miasma, layout_rooms, minmay_fountain_box
D:2:      layout_loops_cross, basic_ecumenical_altar
D:3:      kennysheep_six_static_rooms, layout_basic, uniq_robin, uniq_terence,
          uniq_jessica

Skill      XL: |  1  2  3 |
---------------+----------+-----
Axes           | 2 3 |  3.0
Shields        | 3 |  3.2
Fighting       | |  3.2
Armour         | |  2.6

Action                   || total
-------------------------++-------
Melee: War axe           ||   117
Armor: Scale mail        ||    60
Dodge: Dodged            ||    45
Block: Buckler           ||    12
       Kite shield       ||    29

Table legend: (Time is in decaauts)
 A = Elapsed time spent in this place.
 B = Non-inter-level travel time spent in this place.
 C = Inter-level travel time spent in this place.
 D = Time resting spent in this place.
 E = Time spent auto-exploring this place.
 F = Levels seen in this place.
 G = Mean time per level.
                   A        B        C        D        E       F      G
               +--------+--------+--------+--------+--------+-----+--------+
         Total |   1545 |   1492 |     53 |      0 |   1161 |   3 |  515.0 |
       Dungeon |   1545 |   1492 |     53 |      0 |   1161 |   3 |  515.0 |
               +--------+--------+--------+--------+--------+-----+--------+

Top non-repeatable levels by time:
     D:2: 619 daAuts
     D:1: 559 daAuts
     D:3: 365 daAuts
